 Dungeon Crawl Stone Soup version 0.27-a0-1119-gbf574a6a6b (webtiles) character file.

Game seed: 15906550764978033526

5868 Zeld the Thrower (level 10, -2/58 (69) HPs)
             Began as an Octopode Fighter on May 2, 2021.
             Was an Initiate of Okawaru.
             Slain by Nergalle
             ... wielding a +0 dagger
              (4 damage)
             ... on level 10 of the Dungeon.
             The game lasted 00:18:00 (16066 turns).

Zeld the Thrower (Octopode Fighter)                Turns: 16066, Time: 00:18:00

HP:   -2/58 (69)    AC:  1    Str: 19    XL:     10   Next: 81%
MP:   10/10         EV: 16    Int: 10    God:    Okawaru [......]
Gold: 286           SH: 11    Dex: 12    Spells: 9/9 levels left

rFire    . . .     SeeInvis .   a - +2 war axe (elec)
rCold    . . .     Faith    .   b - +1 kite shield
rNeg     . . .     Spirit   .   (helmet restricted)
rPois    .         Reflect  .   (no amulet)
rElec    .         Harm     .   d - ring of wizardry
rCorr    .         Rampage  .   g - +4 ring of evasion
Will     .....                  (no ring)
Stlth    ++........             (no ring)
HPRegen  0.19/turn              (no ring)
MPRegen  0.12/turn              (no ring)
                                (no ring)
                                (no ring)

@: about to teleport, heavily drained
A: almost no armour, amphibious, 8 rings, camouflage 1, gelatinous body 1,
(nimble swimmer 1), tentacles
a: Renounce Religion


You were on level 10 of the Dungeon.
You worshipped Okawaru.
Okawaru was noncommittal.
You visited 2 branches of the dungeon, and saw 11 of its levels.

You collected 646 gold pieces.
You spent 360 gold pieces at shops.

Inventory:

Hand Weapons
 a - a +2 war axe of electrocution (weapon)
Missiles
 k - 7 boomerangs (quivered)
Armour
 b - a +1 kite shield (worn)
Jewellery
 d - a ring of wizardry (left tentacle)
 g - a +4 ring of evasion (right tentacle)
Wands
 h - a wand of flame (14)
 n - a wand of mindburst (26)
 y - a wand of digging (3)
Scrolls
 f - 3 scrolls of amnesia
 m - a scroll of acquirement {unknown}
 p - 2 scrolls of teleportation
 w - 2 scrolls of magic mapping {unknown}
 x - a scroll of torment {unknown}
Potions
 c - 3 potions of curing {unknown}
 e - 2 potions of resistance {unknown}
 i - 2 potions of mutation {unknown}
 j - 3 potions of lignification {unknown}
 l - a potion of magic {unknown}
 q - 4 potions of haste {unknown}
 t - 2 potions of attraction {unknown}


   Skills:
 * Level 6.5 Fighting
 * Level 6.1 Axes
 - Level 12.0 Throwing
 - Level 3.0 Dodging
 * Level 6.5 Shields


You had 9 spell levels left.
You didn't know any spells.
Your spell library contained the following spells:

 Spells                   Type           Power      Damage    Failure   Level
 Animate Skeleton         Necr           0%         N/A       41%         1
 Apportation              Tloc           0%         N/A       41%         1
 Corona                   Hex            0%         N/A       41%         1
 Magic Dart               Conj           0%         1d3       41%         1
 Sandblast                Erth           0%         2d4       41%         1
 Summon Small Mammal      Summ           0%         N/A       41%         1
 Blink                    Tloc           N/A        N/A       52%         2
 Call Imp                 Summ           0%         N/A       52%         2
 Passwall                 Tmut/Erth      0%         N/A       52%         2
 Poisonous Vapours        Pois/Air       0%         N/A       52%         2
 Searing Ray              Conj           0%         3d3       52%         2
 Slow                     Hex            0%         N/A       52%         2
 Conjure Flame            Conj/Fire      0%         6-21      77%         3
 Dazzling Flash           Conj/Hex       0%         N/A       77%         3
 Mephitic Cloud           Conj/Pois/Air  0%         N/A       77%         3
 Stone Arrow              Conj/Erth      0%         3d7       77%         3
 Fulminant Prism          Conj/Hex       0%         3d6       98%         4
 Iskenderun's Mystic Bla  Conj/Tloc      0%         2d3       98%         4
 Petrify                  Tmut/Erth      0%         N/A       98%         4
 Lee's Rapid Deconstruct  Erth           0%         3d5*      100%        5
 Freezing Cloud           Conj/Ice/Air   0%         6-21      100%        6


Dungeon Overview and Level Annotations

Branches:
Dungeon (10/15)            Temple (1/1) D:6            Lair (0/6) D:10
    Orc: D:9-12

Altars:
Ashenzari
Cheibriados
Dithmenos
Elyvilon
Fedhas
Gozag
Hepliaklqana
Kikubaaqudgha
Makhleb
Nemelex Xobeh
Okawaru
Qazlal
Ru
Sif Muna
Trog
Uskayaw
Vehumet
Wu Jian
Xom
Yredelemnul
Zin
The Shining One

Shops:
D:4 *   D:6 *

Annotations:
D:8 3 runed translucent doors, barkas's ghost, novice DrTm
D:9 exclusions: killer bee and two-headed ogre
D:10 Nergalle; Snorg


Innate Abilities, Weirdness & Mutations

You cannot wear most types of armour.
You are amphibious.
You can wear up to eight rings at the same time.
Your skin changes colour to match your surroundings (Stealth+).
Your rubbery body absorbs attacks. (AC +1, EV +1)
((You are camouflaged near water. (Stealth+)))
You have tentacles for arms and can constrict up to eight enemies at once.


Message History

The spectral orc warlord barely misses you.
The spectral orc barely misses you.
You hit the spectral orc warlord but do no damage.
Lightning courses through the spectral orc warlord!
You squeeze the spectral orc warlord, but do no damage.
The spectral orc warlord is moderately damaged.
You hit the spectral orc.
You hit the spectral orc but do no damage.
Nergalle gestures at the spectral orc while chanting.
The spectral orc seems to speed up.
You block the spectral orc's attack.
The spectral orc warlord hits you with a +1 great mace of draining!
You feel drained. x2; You block the spectral orc's attack.
You slash the spectral orc warlord!
Lightning courses through the spectral orc warlord!
The spectral orc warlord is heavily damaged.
You slash the spectral orc!
You destroy the spectral orc!
You hit the spectral orc.
The spectral orc warlord hits you with a +1 great mace of draining!
You feel drained. You block the spectral orc's attack.
You block Nergalle's attack.
You block the spectral orc warlord's attack.
The spectral orc hits you with a +1 hand axe of freezing!
You feel drained. The spectral orc freezes you.
You slash the spectral orc warlord!
The spectral orc warlord is heavily damaged.
You hit the spectral orc. You hit Nergalle but do no damage.
Nergalle hits you with a +0 dagger. You block the spectral orc's attack.
The spectral orc warlord hits you with a +1 great mace of draining!
* * * LOW HITPOINT WARNING * * *
You feel drained.
* * * LOW HITPOINT WARNING * * *
You feel drained.
* * * LOW HITPOINT WARNING * * *
Unknown command.
Unknown command.
Unknown command.
As you read the scroll of teleportation, it crumbles to dust.
You feel strangely unstable. Nergalle hits you with a +0 dagger.
You die...

### #<#
#.#
#######Z#
#....o@Z#
#.#######


You could see Nergalle, a spectral orc (summoned) and a spectral orc warlord
(summoned).

Vanquished Creatures
  A two-headed ogre (D:8)
  Joseph (D:8)
  Maurice (D:8)
  Grinder (D:6)
  A shadow (D:9)
  A wraith (D:6)
  A wyvern (D:9)
  A hog (shapeshifter) (D:9)
  2 steam dragons (D:7)
  An acid dragon (D:7)
  A water moccasin (D:7)
  An ice beast (D:8)
  2 orc warriors
  A sky beast (D:8)
  2 hornet zombies
  2 ogres
  A necrophage (D:5)
  3 centaurs
  2 lemures
  4 kobold brigands
  2 phantoms
  4 bullfrogs
  A gnoll sergeant (D:9)
  8 killer bees
  3 wights (D:6)
  5 howler monkeys
  An electric eel (D:9)
  A hound (D:6)
  A centaur zombie (D:7)
  2 centaur skeletons
  A jelly (D:6)
  A gnoll shaman (D:9)
  3 iguanas
  An orc wizard (D:8)
  A howler monkey zombie (D:9)
  A howler monkey skeleton (D:5)
  5 adders
  11 gnolls
  A white imp (D:7)
  An ufetubus (D:6)
  2 adder skeletons (D:4)
  17 orcs
  4 endoplasms
  3 giant cockroaches
  4 goblins
  5 hobgoblins
  3 jackals
  2 quokkas
  4 ball pythons
  2 bats (D:3)
  A frilled lizard (D:2)
  14 kobolds
  5 rats
150 creatures vanquished.

Vanquished Creatures (collateral kills)
  Pikel (D:7)
  A steam dragon (D:7)
  A bullfrog (D:7)
3 creatures vanquished.

Vanquished Creatures (others)
  A butterfly (D:7)
  3 fungi (D:8)
  A plant (D:8)
5 creatures vanquished.

Grand Total: 158 creatures vanquished

Notes
Turn   | Place    | Note
-------+----------+-------------------------------------------
     0 | D:1      | Zeld the Octopode Fighter began the quest for the Orb.
     0 | D:1      | Reached XP level 1. HP: 16/16 MP: 1/1
   114 | D:1      | Reached XP level 2. HP: 15/21 MP: 2/2
   771 | D:2      | Found a faded altar of an unknown god.
   846 | D:2      | Reached XP level 3. HP: 19/26 MP: 3/3
  1527 | D:3      | Found an ancient bone altar of Kikubaaqudgha.
  1548 | D:3      | Reached skill level 1 in Throwing
  1553 | D:3      | Reached XP level 4. HP: 13/31 MP: 4/4
  1796 | D:3      | Reached skill level 2 in Throwing
  1962 | D:3      | Found a hide-covered altar of Uskayaw.
  2334 | D:4      | Found Dyvvah's Assorted Antiques.
  2334 | D:4      | Noticed an ogre
  2348 | D:4      | Killed an ogre
  2349 | D:4      | Reached skill level 4 in Throwing
  2349 | D:4      | Reached XP level 5. HP: 36/36 MP: 5/5
  2368 | D:4      | Reached XP level 6. HP: 3/42 MP: 6/6
  2402 | D:3      | Reached skill level 5 in Throwing
  2763 | D:4      | Bought a scroll labelled OFFOIH GEWKA for 24 gold pieces
  2763 | D:4      | Bought a sharpened wooden wand for 96 gold pieces
  2849 | D:4      | Reached skill level 6 in Throwing
  3202 | D:4      | Reached XP level 7. HP: 40/46 MP: 7/7
  3781 | D:5      | Entered Level 5 of the Dungeon
  4129 | D:5      | Reached skill level 7 in Throwing
  4292 | D:5      | Found a basalt altar of Yredelemnul.
  4292 | D:5      | Found a hazy altar of Hepliaklqana.
  4300 | D:5      | Found a faded altar of an unknown god.
  4302 | D:5      | Found a stormy altar of Qazlal.
  4304 | D:5      | Found a faded altar of an unknown god.
  4788 | D:5      | Reached skill level 8 in Throwing
  4788 | D:5      | Reached XP level 8. HP: 52/52 MP: 8/8
  4884 | D:5      | Found a glowing golden altar of the Shining One.
  5384 | D:6      | Noticed Grinder
  5392 | D:6      | Paralysed by Grinder for 4 turns
  5396 | D:6      | Killed Grinder
  5397 | D:6      | Reached skill level 9 in Throwing
  6006 | D:6      | Found a staircase to the Ecumenical Temple.
  6156 | D:6      | Reached skill level 10 in Throwing
  6200 | D:6      | Found Uhaann's Hallowed Reliquary.
  6205 | D:6      | Noticed an angel
  6208 | D:6      | Bought a potion of heal wounds for 60 gold pieces
  6208 | D:6      | Bought a potion of heal wounds for 60 gold pieces
  6208 | D:6      | Bought a potion of heal wounds for 60 gold pieces
  6208 | D:6      | Bought a potion of heal wounds for 60 gold pieces
  6424 | D:6      | HP: 2/52 [hornet zombie (12)]
  6717 | D:7      | Noticed a wraith
  6733 | D:6      | Killed a wraith
  6734 | D:6      | Reached XP level 9. HP: 31/57 MP: 9/9
  7594 | D:7      | Reached skill level 11 in Throwing
  7616 | D:7      | Found a white marble altar of Elyvilon.
  7958 | Temple   | Entered the Ecumenical Temple
  8219 | D:7      | Noticed Pikel
  8560 | D:7      | Killed Pikel
  8570 | D:7      | Reached skill level 12 in Throwing
  9173 | D:7      | Found a sparkling altar of Nemelex Xobeh.
 10810 | D:8      | Found a runed translucent gate.
 10811 | D:8      | Found a runed translucent gate.
 10812 | D:8      | Found a runed translucent gate.
 10812 | D:8      | Noticed barkas's ghost (novice DrTm)
 10907 | D:8      | Noticed a two-headed ogre
 10910 | D:8      | Noticed Maurice
 11430 | D:8      | Killed Maurice
 11431 | D:8      | Reached XP level 10. HP: 58/65 MP: 10/10
 11488 | D:8      | Noticed Joseph
 12023 | D:8      | Reached skill level 5 in Fighting
 12023 | D:8      | Reached skill level 5 in Shields
 12220 | D:8      | Killed Joseph
 12586 | D:8      | Killed a two-headed ogre
 12587 | D:8      | Reached skill level 5 in Axes
 13244 | D:9      | Found a shimmering altar of Xom.
 13245 | D:9      | Found the +9 scales of the Dragon King {rPois rF+ rC+
                  | Will+}
 13248 | D:9      | Found an iron altar of Okawaru.
 13249 | D:9      | Found an opulent altar of Gozag.
 13251 | D:9      | Found a blossoming altar of Fedhas.
 13261 | D:9      | Became a worshipper of Warmaster Okawaru
 13627 | D:9      | Noticed a two-headed ogre
 14769 | D:9      | Noticed a two-headed ogre
 14958 | D:9      | Reached * piety under Okawaru
 15108 | D:9      | HP: 3/69 [poisoned by a killer bee]
 15781 | D:10     | Entered Level 10 of the Dungeon
 15781 | D:10     | Found a staircase to the Lair.
 15783 | D:10     | Noticed Snorg
 16058 | D:10     | Noticed Nergalle
 16062 | D:10     | Noticed a spectral orc warlord
 16065 | D:10     | HP: 2/58 [spectral orc warlord/+1 great mace of
                  | draining[Nergalle] (3)]
 16066 | D:10     | Slain by Nergalle

Illustrated notes

Levels and vault maps discovered:
D:1:      dpeg_arrival_orchard, layout_rooms
D:2:      layout_basic, shapermc_ecumenical_altar_hornbeckon
D:3:      layout_basic, nicolae_overflow_crystal_walls,
          nicolae_uskayaw_suspiria, corexii_hall_statues_deadend
D:4:      layout_basic, serial_shops, nicolae_shop_statue_plus,
          nicolae_underground_beach
D:5:      layout_loops_cross, chequers_temple_overflow_minitemple, tso_altar
D:6:      layout_loops_ring, minmay_temple_entry_from_below_a,
          nicolae_good_shop, uniq_grinder, uniq_crazy_yiuf_cottage
D:7:      layout_cave_pods, nicolae_elyvilon_peaceful_grove,
          general_overflow_altar, uniq_pikel
D:8:      layout_layer_cave, gammafunk_ghost_nasty_kobolds,
          supply_closet_lemuel, dk_noncrumbling_3, uniq_maurice, uniq_joseph
D:9:      layout_roguey [special_room_bee], lemuel_doored_altar, minitemple,
          nicolae_water_bricks, evilmike_minifort
D:10:     layout_basic, lair_entry_dummy, uniq_urug, uniq_nergalle, uniq_snorg,
          uniq_sonja
Temple:   jpeg_temple_alley_garden

Skill      XL: |  1  2  3  4  5  6  7  8  9 10 |
---------------+-------------------------------+-----
Throwing       | 1 4 6 8 10 12 | 12.0
Axes           | 4 6 |  6.1
Fighting       | 4 6 |  6.5
Shields        | 4 6 |  6.5
Dodging        | |  3.0

Action                   |  1- 3 |  4- 6 |  7- 9 | 10-12 || total
-------------------------+-------+-------+-------+-------++-------
Melee: War axe           |    48 |    61 |   130 |    68 ||   307
       Constrict         |     9 |    10 |    33 |    10 ||    62
       Tentacles         |     6 |     8 |    36 |    15 ||    65
Throw: Boomerang         |       |     5 |    63 |    43 ||   111
       Dart              |       |       |       |    13 ||    13
Evoke: Wand              |       |       |       |    17 ||    17
  Use: Potion            |       |     2 |     6 |     1 ||     9
       Scroll            |       |       |    19 |     3 ||    22
 Stab: Distracted        |     1 |     1 |     1 |     1 ||     4
       Sleeping          |     2 |     2 |     2 |       ||     6
Armor: Skin              |     2 |     7 |     8 |     3 ||    20
Dodge: Dodged            |    26 |    40 |   105 |    57 ||   228
Block: Kite shield       |    22 |    38 |    99 |    75 ||   234

Table legend: (Time is in decaauts)
 A = Elapsed time spent in this place.
 B = Non-inter-level travel time spent in this place.
 C = Inter-level travel time spent in this place.
 D = Time resting spent in this place.
 E = Time spent auto-exploring this place.
 F = Levels seen in this place.
 G = Mean time per level.
                   A        B        C        D        E       F      G
               +--------+--------+--------+--------+--------+-----+--------+
         Total |  16264 |  15916 |    348 |   5902 |   8292 |  11 | 1478.5 |
       Dungeon |  16015 |  15721 |    294 |   5902 |   8117 |  10 | 1601.5 |
        Temple |    248 |    194 |     54 |      0 |    175 |   1 |  248.0 |
               +--------+--------+--------+--------+--------+-----+--------+

Top non-repeatable levels by time:
     D:6: 3354 daAuts
     D:9: 2967 daAuts
     D:7: 2634 daAuts
     D:8: 1748 daAuts
     D:5: 1422 daAuts
     D:3: 1301 daAuts
     D:4: 1261 daAuts
     D:2: 727 daAuts
     D:1: 562 daAuts
  Temple: 248 daAuts
    D:10: 36 daAuts
